 Dungeon Crawl Stone Soup version 0.24.0-123-gd5b16e6ec5 (webtiles) character file.

Game seed: 16956251828691981776, levelgen mode: deterministic

137 Destapler the Vexing (level 5, 0/40 HPs)
             Began as a Gnoll Arcane Marksman on Dec 22, 2019.
             Was an Initiate of Fedhas.
             Slain by an iron imp (6 damage)
             ... summoned by Natasha
             ... on level 3 of the Dungeon.
             The game lasted 00:09:07 (2462 turns).

Destapler the Vexing (Gnoll Arcane Marksman)        Turns: 2462, Time: 00:09:08

Health: 0/40       AC:  2    Str: 14    XL:     5   Next: 20%
Magic:  5/9        EV: 15    Int: 20    God:    Fedhas [......]
Gold:   99         SH:  0    Dex: 15    Spells: 7/10 levels left

rFire    . . .     SeeInvis .   e - +0 hand axe
rCold    . . .     Gourm    .   (no shield)
rNeg     . . .     Faith    .   a - +0 robe
rPois    .         Spirit   .   (no helmet)
rElec    .         Reflect  .   (no cloak)
rCorr    .         Harm     .   (no gloves)
MR       .....                  (no boots)
Stlth    ++........             (no amulet)
HPRegen  0.13/turn              (no ring)
MPRegen  0.11/turn              (no ring)

@: brilliant, very slightly contaminated
A: distributed training, fangs 1, strong nose
a: Renounce Religion


You were on level 3 of the Dungeon.
You worshipped Fedhas.
Fedhas was noncommittal.
You were not hungry.

You visited 1 branch of the dungeon, and saw 3 of its levels.

You collected 99 gold pieces.

Inventory:

Hand Weapons
 e - a +0 hand axe (weapon)
Missiles
 d - 2 throwing nets
 h - 90 stones
 k - a javelin (quivered)
 o - 36 poisoned darts
Armour
 a - a +0 robe (worn)
Scrolls
 g - 4 scrolls of amnesia {unknown}
 i - 2 scrolls of blinking {unknown}
 l - 2 scrolls of enchant armour {unknown}
 m - 3 scrolls of identify {unknown}
 q - 2 scrolls of remove curse {unknown}
 r - a scroll of enchant weapon {unknown}
 s - a scroll of immolation {unknown}
Potions
 b - a potion of brilliance
 j - a potion of heal wounds {unknown}
 n - a potion of invisibility {unknown}
 p - a potion of mutation {unknown}
Comestibles
 c - 9 chunks of flesh
 f - 6 rations


   Skills:
 + Level 2.9 Fighting
 + Level 1.3 Short Blades
 + Level 1.3 Long Blades
 + Level 1.3 Axes
 + Level 1.3 Maces & Flails
 + Level 1.3 Polearms
 + Level 1.3 Staves
 + Level 1.3 Slings
 + Level 1.3 Bows
 + Level 1.3 Crossbows
 + Level 4.7 Throwing
 + Level 1.3 Armour
 + Level 4.7 Dodging
 + Level 1.3 Stealth
 + Level 1.3 Shields
 + Level 1.3 Unarmed Combat
 + Level 3.1 Spellcasting
 + Level 1.1 Conjurations
 + Level 5.5 Hexes
 + Level 1.1 Charms
 + Level 1.1 Summonings
 + Level 1.1 Necromancy
 + Level 1.1 Translocations
 + Level 1.1 Transmutations
 + Level 1.1 Fire Magic
 + Level 1.1 Ice Magic
 + Level 1.1 Air Magic
 + Level 1.1 Earth Magic
 + Level 1.1 Poison Magic
 + Level 1.5 Invocations
 + Level 1.3 Evocations


You had 7 spell levels left.
You knew the following spells:

 Your Spells              Type           Power        Failure   Level  Hunger
a - Corona                Hex            #####..      1%          1    None
b - Slow                  Hex            #####...     1%          2    ##.....

Your spell library contained the following spells:

 Spells                   Type           Power        Failure   Level  Hunger
 Inner Flame              Hex/Fire       ####....     1%          3    ###....
 Portal Projectile        Hex/Tloc       ####..       1%          3    ###....
 Cause Fear               Hex            #####.....   1%          4    ####...
 Leda's Liquefaction      Hex/Erth       ####......   4%          4    ####...


Dungeon Overview and Level Annotations

Branches:
Dungeon (3/15)

Altars:
Ashenzari
Elyvilon
Fedhas
Gozag
Nemelex Xobeh
Yredelemnul
Zin

Annotations:
D:3 Natasha


Innate Abilities, Weirdness & Mutations

Your experience applies equally to all skills.
You have very sharp teeth.
Your uncanny sense of smell can sniff out nearby items.


Message History

Aiming: Corona (safe; 1% risk of failure)
Press: ? - help, Shift-Dir - straight line, f/p - Natasha
Aim: Natasha (moderately wounded, slow, chance to defeat MR: 56%) Natasha struggles to resist.
Natasha misses you.
The white imp grinds its teeth.
It was a potion of brilliance.
You feel clever all of a sudden. Natasha misses you. The white imp misses you.
You closely miss Natasha.
Natasha is moderately wounded.
You barely miss the iron imp. You closely miss the white imp.
The white imp hits you.
* * * LOW HITPOINT WARNING * * *
The white imp freezes you.
* * * LOW HITPOINT WARNING * * *
Natasha claws you.
* * * LOW HITPOINT WARNING * * *
The iron imp hits you.
You die...
Fedhas appreciates your contribution to the ecosystem.

.# ##...÷÷.......#
.# #......((....#
.# ##...........#
.# #..#..#.....#
.# ##.#..#.....#
.# #.#..+.....+
.######.#.##.....#
...............5h#
#######.#.#÷...5@#
# #...#.###### #
##..#.# # #.>#..
#. ##+#.. .). .###
.... . ∆ ..... .
######


You could see an iron imp, Natasha and a white imp.

Vanquished Creatures
  Natasha (D:3)
  3 gnolls
  An adder (D:3)
  An ooze (D:1)
  2 worms (D:2)
  3 dart slugs
  A leopard gecko (D:2)
  An orc (D:3)
  2 giant cockroaches
  5 goblins
  9 hobgoblins
  2 quokkas (D:2)
  A ball python (D:3)
  3 bats
  7 frilled lizards
  7 kobolds
  10 rats
59 creatures vanquished.

Notes
Turn   | Place    | Note
-------+----------+-------------------------------------------
     0 | D:1      | Destapler the Gnoll Arcane Marksman began the quest for the
                  | Orb.
     0 | D:1      | Reached XP level 1. HP: 17/17 MP: 4/4
   116 | D:1      | Reached XP level 2. HP: 10/23 MP: 2/5
   810 | D:1      | Reached XP level 3. HP: 24/28 MP: 5/7
   839 | D:1      | Learned a level 2 spell: Slow
  1184 | D:2      | Reached skill level 1 in Invocations
  1572 | D:2      | Found a basalt altar of Yredelemnul.
  1572 | D:2      | Found a blossoming altar of Fedhas.
  1577 | D:2      | Found an opulent altar of Gozag.
  1577 | D:2      | Found a glowing silver altar of Zin.
  1586 | D:2      | Reached skill level 1 in Short Blades
  1586 | D:2      | Reached skill level 1 in Long Blades
  1586 | D:2      | Reached skill level 1 in Axes
  1586 | D:2      | Reached skill level 1 in Maces & Flails
  1586 | D:2      | Reached skill level 1 in Polearms
  1586 | D:2      | Reached skill level 1 in Staves
  1586 | D:2      | Reached skill level 1 in Slings
  1586 | D:2      | Reached skill level 1 in Bows
  1586 | D:2      | Reached skill level 1 in Crossbows
  1586 | D:2      | Reached skill level 1 in Armour
  1586 | D:2      | Reached skill level 1 in Stealth
  1586 | D:2      | Reached skill level 1 in Shields
  1586 | D:2      | Reached skill level 1 in Unarmed Combat
  1586 | D:2      | Reached skill level 1 in Evocations
  1671 | D:2      | Reached XP level 4. HP: 32/34 MP: 8/8
  1741 | D:2      | Found a sparkling altar of Nemelex Xobeh.
  2045 | D:2      | Became a worshipper of Fedhas Madash
  2081 | D:2      | Reached skill level 1 in Conjurations
  2081 | D:2      | Reached skill level 1 in Charms
  2081 | D:2      | Reached skill level 1 in Summonings
  2081 | D:2      | Reached skill level 1 in Necromancy
  2081 | D:2      | Reached skill level 1 in Translocations
  2081 | D:2      | Reached skill level 1 in Transmutations
  2081 | D:2      | Reached skill level 1 in Fire Magic
  2081 | D:2      | Reached skill level 1 in Ice Magic
  2081 | D:2      | Reached skill level 1 in Air Magic
  2081 | D:2      | Reached skill level 1 in Earth Magic
  2081 | D:2      | Reached skill level 1 in Poison Magic
  2237 | D:3      | Found a white marble altar of Elyvilon.
  2357 | D:3      | Found a shattered altar of Ashenzari.
  2363 | D:3      | Noticed Natasha
  2425 | D:3      | Killed Natasha
  2425 | D:3      | Reached XP level 5. HP: 16/40 MP: 6/9
  2453 | D:3      | Noticed Natasha
  2462 | D:3      | Slain by an iron imp

Levels and vault maps discovered:
D:1:      roderic_chinese_lattice_arrival, layout_basic
D:2:      layout_loops_ring, old_standard_altar, grunt_temple_overflow_open
D:3:      layout_basic, ashenzari_conservatory_becter,
          overflow_temple_1_default, elyvilon_altar_5, uniq_natasha

Skill      XL: |  1  2  3  4 |
---------------+-------------+-----
Invocations    | 1 |  1.5
Short Blades   | 1 |  1.3
Long Blades    | 1 |  1.3
Axes           | 1 |  1.3
Maces & Flails | 1 |  1.3
Polearms       | 1 |  1.3
Staves         | 1 |  1.3
Slings         | 1 |  1.3
Bows           | 1 |  1.3
Crossbows      | 1 |  1.3
Armour         | 1 |  1.3
Stealth        | 1 |  1.3
Shields        | 1 |  1.3
Unarmed Combat | 1 |  1.3
Evocations     | 1 |  1.3
Spellcasting   | 3 |  3.1
Conjurations   | 1 |  1.1
Charms         | 1 |  1.1
Summonings     | 1 |  1.1
Necromancy     | 1 |  1.1
Translocations | 1 |  1.1
Transmutations | 1 |  1.1
Fire Magic     | 1 |  1.1
Ice Magic      | 1 |  1.1
Air Magic      | 1 |  1.1
Earth Magic    | 1 |  1.1
Poison Magic   | 1 |  1.1
Fighting       | |  2.9
Throwing       | |  4.7
Dodging        | |  4.7
Hexes          | |  5.5

Action                   |  1- 3 |  4- 6 || total
-------------------------+-------+-------++-------
Melee: Unarmed           |    22 |       ||    22
       Hand axe          |   109 |    80 ||   189
       Bite              |    10 |     6 ||    16
Throw: Javelin           |       |     9 ||     9
 Cast: Corona            |    15 |     5 ||    20
       Slow              |     2 |     4 ||     6
  Use: Potion            |       |     1 ||     1
 Stab: Sleeping          |     3 |     2 ||     5
  Eat: Chunk             |     3 |     3 ||     6
Armor: Robe              |    13 |     5 ||    18
Dodge: Dodged            |   116 |    54 ||   170
